 Dungeon Crawl Stone Soup version 0.18-b1-10-g3f7de93 (webtiles) character file.

121 varam the Twirler (level 5, -2/32 HPs)
             Began as a Gargoyle Gladiator on Apr 29, 2016.
             Slain by Sigmund
             ... wielding a +0 scythe
              (3 damage)
             ... on level 2 of the Dungeon.
             The game lasted 00:05:05 (2470 turns).

varam the Twirler (Gargoyle Gladiator)              Turns: 2470, Time: 00:05:06

Health: -2/32      AC: 11    Str: 20    XL:     5   Next: 5%
Magic:  5/5        EV: 11    Int:  8    God:
Gold:   79         SH:  0    Dex: 10    Spells: 0 memorised, 4 levels left

rFire  x . .     SeeInvis .     a - +0 quarterstaff
rCold  + . .     Gourm    .     w - +0 ring mail
rNeg   + . .     Faith    .     (shield currently unavailable)
rPois  ∞         Spirit   .     c - +0 helmet
rElec  +         Dismiss  .     i - +0 cloak
rCorr  +         Reflect  .     (no gloves)
SustAt .         Harm     .     (no boots)
MR     .....                    s - amulet of rage
Stlth  ..........               g - ring of resist corrosion
                                j - ring of ice

@: exhausted, slowed, very slow, not resistant to hostile enchantments,
extremely unstealthy
A: negative energy resistance 1, electricity resistance, unbreathing,
petrification resistance, rot immunity, AC +4
a: Evoke Berserk Rage


You were on level 2 of the Dungeon.
You were not hungry.

You visited 1 branch of the dungeon, and saw 2 of its levels.

You collected 79 gold pieces.

Inventory:

Hand Weapons
 a - a +0 quarterstaff (weapon)
 y - a +0 falchion of electrocution
Missiles
 d - 3 throwing nets (quivered)
Armour
 b - a +0 leather armour
 c - a +0 helmet (worn)
 i - a +0 cloak (worn)
 w - a +0 ring mail (worn)
Jewellery
 g - a ring of resist corrosion (right hand)
 j - a ring of ice (left hand)
 s - an amulet of rage (around neck)
Scrolls
 k - 2 scrolls of teleportation {unknown}
 l - a scroll of identify {unknown}
 m - a scroll of fear {unknown}
 n - 4 scrolls of fog {unknown}
 q - a scroll of recharging {unknown}
 t - 3 scrolls of remove curse {unknown}
 v - a scroll of enchant weapon {unknown}
Potions
 e - a potion of agility {unknown}
 o - 2 potions of heal wounds {unknown}
 u - 2 potions of berserk rage {unknown}
 x - a potion of degeneration {unknown}
Comestibles
 f - 2 bread rations
 h - a meat ration
 p - a slice of pizza
 r - 2 chunks of flesh


   Skills:
 + Level 3.3 Fighting
 + Level 4.1 Staves
 - Level 1.7 Throwing
 + Level 0.4 Armour
 + Level 3.2 Dodging


You had 4 spell levels left.
You didn't know any spells.

Dungeon Overview and Level Annotations

Branches:
Dungeon (2/15)

Altars:

Annotations:
D:2 Sigmund


Innate Abilities, Weirdness & Mutations

You are resistant to torment.
Your stone body is resilient (AC +4).
You are immune to poison.
You resist negative energy.
You are resistant to electric shocks.
You can survive without breathing.
You are immune to petrification.
You are immune to rotting.


Message History

The hobgoblin shouts!
You bump into the rock wall.
Something barely misses you.
You bump into the rock wall.
You hear some strange, mumbled words.
Something tries to affect you, but you resist.
Something hits you but does no damage.
You miss something.
You feel less confused.
You hear some strange, mumbled words.
You are confused.
You bump into the rock wall.
Something hits you.
You sock something! Something hits you!
You're too confused to move!
Something hits you!
* * * LOW HITPOINT WARNING * * *
You bump into the rock wall.
Something hits you!
* * * LOW HITPOINT WARNING * * *
You bump into the rock wall.
You feel less confused. Something hits you.
You die...

### #.#
############ #..
#........... #.#
#.########## #g#
#.##.#...... #{#
#.##.#.##### #@#
.#<...#.#...#
##%###.#.##.#.#.#.#
#[.....#.##.#.....#
##.#.###.##.#..<..#
#.#.#....#.#.....#
#.#.#.#...........
#.#.#.............
#.#......#.#.#...#
#.#.#.#....#.#.###


You could see a hobgoblin.

Vanquished Creatures
  Terence (D:2)
  A gnoll (D:1)
  3 adders (D:2)
  2 oozes
  2 dart slugs (D:1)
  2 giant geckos
  A ball python (D:1)
  2 bats
  A giant cockroach (D:1)
  9 goblins
  6 hobgoblins
  2 quokkas (D:2)
  2 giant newts
  7 kobolds
  3 rats
44 creatures vanquished.

Notes
Turn   | Place    | Note
--------------------------------------------------------------
     0 | D:1      | varam the Gargoyle Gladiator began the quest for the Orb.
     0 | D:1      | Reached XP level 1. HP: 12/12 MP: 1/1
    59 | D:1      | Reached XP level 2. HP: 18/18 MP: 2/2
   323 | D:1      | Reached XP level 3. HP: 9/22 MP: 3/3
  1466 | D:2      | Reached XP level 4. HP: 20/28 MP: 4/4
  2081 | D:2      | Reached skill level 4 in Staves
  2276 | D:2      | Noticed Terence
  2283 | D:2      | Killed Terence
  2283 | D:2      | Reached XP level 5. HP: 32/32 MP: 5/5
  2453 | D:2      | Noticed Sigmund
  2469 | D:2      | HP: 1/32 [something (7)]
  2470 | D:2      | Slain by Sigmund

Skill      XL: |  1  2  3  4 |
---------------+-------------+-----
Dodging        | 3 |  3.2
Fighting       | 3 |  3.3
Staves         | 4 |  4.1
Throwing       | |  1.7
Armour         | |  0.4

Action                   |  1- 3 |  4- 6 || total
-------------------------+-------+-------++-------
Melee: Quarterstaff      |    93 |    45 ||   138
       Falchion          |       |     5 ||     5
 Abil: Evoke Berserk Rag |       |     2 ||     2
  Eat: Chunk             |     2 |     4 ||     6
Armor: Leather armour    |    33 |    14 ||    47
       Ring mail         |       |    14 ||    14
Dodge: Dodged            |    63 |    23 ||    86
